 Dungeon Crawl Stone Soup version 0.21.0-3-g78d12a8 (webtiles) character file.

78049 talenramel the Carver (level 15, -4/122 HPs)
             Began as a Demonspawn Berserker on Jan 10, 2018.
             Was a High Priest of Trog.
             Drowned by a drowned soul (12 damage)
             ... summoned by a merfolk avatar
             ... on level 1 of the Shoals.
             The game lasted 02:00:57 (22895 turns).

talenramel the Carver (Demonspawn Berserker)       Turns: 22895, Time: 02:00:58

Health: -4/122     AC: 28    Str: 29    XL:     15   Next: 17%
Magic:  0/19       EV: 12    Int:  9    God:    Trog [*****.]
Gold:   2156       SH:  0    Dex: 10    Spells: 14/14 levels left

rFire    + . .     SeeInvis .   M - +3 great sword of Law {slice, rF+ Str+6 Dex-3}
rCold    + . .     Gourm    .   (shield currently unavailable)
rNeg     . . .     Faith    .   b - +3 plate armour
rPois    .         Spirit   +   (helmet restricted)
rElec    .         Reflect  .   w - +1 cloak
rCorr    .         Harm     .   m - +1 pair of gloves
MR       ++...                  (no boots)
Stlth    ..........             F - amulet of guardian spirit
HPRegen  1.30/turn              O - +2 ring of protection
MPRegen  0.16/turn              A - ring of Ipresh {+Inv rC+ MR- Slay+3 Stlth+}

@: mesmerised, very slightly contaminated, regenerating, invisible (expiring),
very slow
A: horns 2, thin metallic scales 2, foul stench 1, spiny 2, rot immunity
a: Berserk, Trog's Hand, Brothers in Arms, Burn Spellbooks, Renounce Religion


You were on level 1 of the Shoals.
You worshipped Trog.
Trog was extremely pleased with you.
You were not hungry.

You visited 5 branches of the dungeon, and saw 23 of its levels.

You collected 2418 gold pieces.
You spent 262 gold pieces at shops.

Inventory:

Hand Weapons
 K - a +5 triple sword of electrocution
 M - the +3 great sword of Law (weapon) {slice, rF+ Str+6 Dex-3}
   (You found it on level 13 of the Dungeon)

   It inflicts extra damage upon your enemies.
   It affects your strength (+6).
   It affects your dexterity (-3).
   It protects you from fire.
 N - the +9 long sword "Barroph" {slice, *Noise rPois Dex+3}
   (You found it on level 9 of the Dungeon)

   It inflicts extra damage upon your enemies.
   It affects your dexterity (+3).
   It protects you from poison.
   It may make noises in combat.
Armour
 b - a +3 plate armour (worn)
 m - a +1 pair of gloves (worn)
 w - a +1 cloak (worn)
 Z - a +0 plate armour of fire resistance
Jewellery
 i - an uncursed ring of flight
 A - the ring of Ipresh (right hand) {+Inv rC+ MR- Slay+3 Stlth+}
   (You found it on level 2 of the Lair of Beasts)

   [ring of stealth]

   It affects your accuracy and damage with ranged weapons and melee attacks
   (+3).
   It protects you from cold.
   It affects your resistance to hostile enchantments.
   It lets you turn invisible.
   It makes you more stealthy.
 B - an uncursed ring of protection from cold
 C - an uncursed amulet of regeneration
 F - an amulet of guardian spirit (around neck)
 O - a +2 ring of protection (left hand)
 W - an uncursed ring of positive energy
Wands
 h - a wand of paralysis (12)
 H - a wand of digging (11)
 Q - a wand of acid (7)
 Y - a wand of flame (18)
Scrolls
 d - a scroll of silence
 f - 2 scrolls of fear
 g - 6 scrolls of identify
 o - 2 scrolls of magic mapping {unknown}
 p - 3 scrolls of blinking
 q - 6 scrolls of remove curse
 r - 3 scrolls of fog
 y - 2 scrolls of teleportation
 G - a scroll of summoning {unknown}
 P - 2 scrolls of random uselessness {unknown}
 R - a scroll of enchant weapon {unknown}
Potions
 a - a potion of agility
 j - 2 potions of curing
 k - 2 potions of resistance
 s - 2 potions of cancellation
 u - 3 potions of haste
 D - 2 potions of ambrosia
 V - 3 potions of might
Miscellaneous
 x - a fan of gales
 E - a phantom mirror
 T - a lightning rod (4/4)
Comestibles
 c - 28 rations
 l - 5 chunks of flesh


   Skills:
 + Level 12.8 Fighting
 + Level 14.2 Long Blades
 + Level 11.7 Armour
 + Level 11.6 Dodging
 - Level 6.0 Evocations


You had 14 spell levels left.
You didn't know any spells.

Dungeon Overview and Level Annotations

Branches:
Dungeon (13/15)            Temple (1/1) D:6            Lair (6/6) D:8
 Shoals (1/4) Lair:3        Snake (0/4) Lair:2        Slime (0/5) Lair:6
    Orc (2/2) D:9             Elf (0/3) Orc:2        Vaults (0/5) D:13

Altars:
Ashenzari
Dithmenos
Elyvilon
Fedhas
Hepliaklqana
Kikubaaqudgha
Makhleb
Nemelex Xobeh
Sif Muna
Trog
Vehumet
Wu Jian
Xom
Yredelemnul
The Shining One
Beogh
Jiyva

Shops:
D:4 (   D:13 *   Orc:2 (![}*

Portals:
Hell: Lair:6

Annotations:
Lair:5 exclusion: 3 oklob plants


Innate Abilities, Weirdness & Mutations

You have a pair of horns on your head.
You are mostly covered in thin metallic scales. (AC +3)
You may emit foul miasma when damaged in melee.
You are mostly covered in sharp spines.
You are immune to rotting.


Message History

Blink to where?
Press: ? - help, Dir - move target cursor, p - merfolk avatar Splash!
As you read the scroll of blinking, it crumbles to dust.
The drowned soul returns to the deep!
The merfolk avatar chants its luring song.
Your unstable footing causes you to fumble your attack.
The merfolk avatar chants its luring song.
Your unstable footing causes you to fumble your attack.
The merfolk avatar chants its luring song.
You barely miss the merfolk avatar. You headbutt the merfolk avatar.
The merfolk avatar is heavily wounded.
The merfolk avatar chants its luring song.
You are too mesmerised to rage.
You slash the merfolk avatar!
Your headbutt misses the merfolk avatar.
The merfolk avatar is severely wounded.
The merfolk avatar chants its luring song.
The drowned soul touches you. The drowned soul drowns you!
You die...

≈≈≈≈≈≈≈≈≈≈≈..###.≈≈≈≈≈≈
((≈≈≈≈≈≈≈.≈≈≈....≈≈≈.≈≈
≈≈≈≈()≈≈.....≈≈≈≈≈≈..(.
≈≈≈≈≈≈)...###.^≈≈≈≈.##.≈
≈≈≈≈≈≈)(.## ##T≈≈≈≈≈.#.≈
.≈≈≈≈≈≈≈.# ##≈≈≈≈≈≈≈≈≈
.≈≈≈≈≈≈≈..####.≈≈≈≈≈≈≈≈≈
≈≈≈≈≈≈≈≈≈≈....≈≈m≈≈≈≈≈≈≈
≈≈..≈≈≈≈≈≈≈≈.≈≈≈@≈≈≈≈≈≈≈
≈...≈≈≈≈≈≈≈≈≈≈≈≈≈≈.≈≈≈≈≈
..^.≈≈≈≈.≈≈≈(≈≈≈≈≈≈W≈≈≈≈
....≈≈≈≈≈≈≈≈..≈≈≈≈≈≈≈≈≈≈
...≈≈≈≈≈≈≈≈≈.≈≈≈≈≈≈≈≈≈≈≈
.......≈≈≈≈≈≈≈≈≈≈≈≈≈≈≈≈≈
......≈≈≈≈≈≈≈≈≈≈≈≈≈≈≈≈≈≈
####..≈≈≈≈≈≈≈≈≈≈≈≈≈≈≈≈≈≈
#..≈≈≈≈≈≈≈.≈...


You could see a merfolk avatar, a drowned soul and a friendly deep troll
(berserk).

Vanquished Creatures
  An orc warlord (Orc:2)
  A dire elephant (Lair:6)
  Snorg (D:12)
  Josephine (D:13)
  An ice dragon (Orc:1)
  5 hydras
  A merfolk avatar (Shoals:1)
  4 two-headed ogres
  An ogre mage (D:13)
  6 death yaks (Lair:5)
  A sun demon (Lair:6)
  Urug (D:12)
  The ghost of mdk the Carver, a novice MiGl of Wu Jian (D:8)
  Sonja (D:13)
  A skeletal warrior (D:13)
  A deep elf archer (D:13)
  A wizard (Lair:6)
  3 deep elf magi (D:13)
  8 orc knights (Orc:2)
  Pikel (D:5)
  The ghost of Hellmel the Charmwright, a novice GnSk of Wu Jian (D:7)
  3 fauns (Shoals:1)
  An ugly thing (D:11)
  3 cyclopes
  2 manticores
  Psyche (D:8)
  A guardian serpent (Lair:2)
  5 elephants
  A torpor snail (Lair:6)
  6 black mambas
  A smoke demon (Lair:6)
  A gargoyle (D:11)
  3 orange demons (Lair:6)
  4 spiny frogs (Lair:6)
  4 rime drakes
  An efreet (D:13)
  3 yaktaurs (D:13)
  8 komodo dragons
  2 red devils (Lair:6)
  5 trolls
  The ghost of damiac the Sneak, a novice VSAs of Uskayaw (D:4)
  5 polar bears
  3 meliai (D:13)
  2 merfolk (Shoals:1)
  Prince Ribbit (D:5)
  5 blink frogs (Lair:1)
  The ghost of Gate88 the Slasher, an amateur DsGl (D:3)
  3 snapping turtles (Shoals:1)
  8 dream sheep (Lair:6)
  5 hippogriffs
  A spriggan (Lair:2)
  6 wraiths
  A shadow (D:13)
  Eustachio (D:5)
  49 yaks
  5 basilisks
  3 wyverns
  3 chaos spawn (D:9)
  Menkaure (D:7)
  6 wargs
  14 water moccasins
  Duvessa (D:5)
  11 porcupines
  4 hell hounds (Lair:6)
  3 phantoms
  2 sky beasts
  2 eyes of draining
  4 ice beasts
  3 black bears
  39 orc warriors
  15 ogres
  18 wolves
  22 centaurs
  15 crocodiles
  3 big kobolds
  11 bullfrogs
  4 scorpions
  2 wyvern skeletons
  8 killer bees
  4 electric eels
  5 howler monkeys
  5 crimson imps
  A quasit (D:7)
  4 jellies
  3 centaur zombies
  8 centaur skeletons
  7 orc priests
  Crazy Yiuf (D:2)
  3 bullfrog skeletons
  A bullfrog zombie (D:12)
  19 orc wizards
  Ijyb (D:5)
  Jessica (D:2)
  6 worker ants
  Natasha (thrice) (D:2)
  7 hell rats (Lair:5)
  A hound zombie (D:11)
  2 hound skeletons
  A worker ant zombie (D:6)
  8 gnolls
  12 adders
  2 shadow imps
  An ooze (D:6)
  2 adder skeletons (D:4)
  2 worms
  4 dart slugs
  4 leopard geckos
  89 orcs
  10 bats
  7 giant cockroaches
  7 goblins
  7 hobgoblins
  3 jackals (D:4)
  11 quokkas
  3 frilled lizards
  A giant cockroach zombie (D:5)
  2 gnoll zombies (D:2)
  19 kobolds
  10 rats
  A plant (Lair:5)
676 creatures vanquished.

Vanquished Creatures (collateral kills)
  A hydra (Lair:5)
  A crocodile (Lair:5)
2 creatures vanquished.

Vanquished Creatures (others)
  A yaktaur (D:13)
  A polar bear (Orc:1)
  A slave (D:5)
  Dowan (D:5)
  A howler monkey (D:13)
  A hound (D:5)
  A bush (Lair:2)
  14 fungi
  7 plants (Lair:6)
28 creatures vanquished.

Grand Total: 706 creatures vanquished

Notes
Turn   | Place    | Note
-------+----------+-------------------------------------------
     0 | D:1      | talenramel the Demonspawn Berserker began the quest for the Orb.
     0 | D:1      | Reached XP level 1. HP: 18/18 MP: 1/1
   117 | D:1      | Gained mutation: You are partially covered in sharp spines. [demonic ancestry]
   117 | D:1      | Reached XP level 2. HP: 24/24 MP: 2/2
   162 | D:1      | Reached skill level 3 in Long Blades
   695 | D:2      | Gained mutation: You are mostly covered in sharp spines. [demonic ancestry]
   695 | D:2      | Reached XP level 3. HP: 29/29 MP: 3/3
   741 | D:2      | Reached ** piety under Trog
   755 | D:2      | Found a shimmering altar of Xom.
   887 | D:2      | Noticed Jessica
   888 | D:2      | Noticed Natasha
   902 | D:2      | Found a runed door.
   915 | D:2      | Killed Natasha
   915 | D:2      | Reached XP level 4. HP: 31/35 MP: 4/4
   921 | D:2      | Killed Jessica
  1064 | D:2      | Noticed Natasha
  1070 | D:2      | Killed Natasha
  1317 | D:2      | Found a basalt altar of Yredelemnul.
  1400 | D:2      | Reached XP level 5. HP: 34/42 MP: 5/5
  1473 | D:2      | Noticed Natasha
  1489 | D:2      | Killed Natasha
  1489 | D:2      | Reached skill level 4 in Long Blades
  1742 | D:2      | Noticed Crazy Yiuf
  1752 | D:2      | Killed Crazy Yiuf
  2069 | D:3      | Noticed Gate88's ghost (amateur DsGl)
  2102 | D:3      | Killed Gate88's ghost
  2102 | D:3      | Gained mutation: You have a pair of small horns on your head. [demonic ancestry]
  2102 | D:3      | Reached XP level 6. HP: 11/48 MP: 6/6
  2470 | D:3      | Reached *** piety under Trog
  2758 | D:4      | Reached skill level 5 in Long Blades
  2760 | D:4      | Noticed damiac's ghost (novice VSAs)
  2763 | D:4      | Reached XP level 7. HP: 48/55 MP: 7/7
  2782 | D:4      | Killed damiac's ghost
  2838 | D:4      | Reached skill level 5 in Fighting
  2905 | D:4      | Received a gift from Trog
  2905 | D:4      | Reached skill level 6 in Long Blades
  2905 | D:4      | Reached XP level 8. HP: 62/62 MP: 8/8
  2911 | D:4      | Found a radiant altar of Vehumet.
  2913 | D:4      | Found Witzom's Antique Weapon Emporium.
  3229 | D:5      | Entered Level 5 of the Dungeon
  3298 | D:5      | Noticed Eustachio
  3303 | D:5      | Killed Eustachio
  3363 | D:5      | Found a bloodstained altar of Trog.
  3438 | D:5      | Noticed Ijyb
  3439 | D:5      | Noticed Prince Ribbit
  3461 | D:5      | Killed Ijyb
  3548 | D:5      | Killed Prince Ribbit
  3548 | D:5      | Received a gift from Trog
  3548 | D:5      | Reached skill level 7 in Long Blades
  3749 | D:5      | Found a white marble altar of Elyvilon.
  3884 | D:5      | Noticed Pikel
  3901 | D:5      | Killed Pikel
  3901 | D:5      | Reached skill level 5 in Armour
  3901 | D:5      | Reached skill level 5 in Dodging
  3901 | D:5      | Gained mutation: You are partially covered in thin metallic scales. (AC +2) [demonic ancestry]
  3901 | D:5      | Reached XP level 9. HP: 69/69 MP: 9/9
  3959 | D:5      | Killed Dowan
  4226 | D:5      | Noticed Duvessa
  4243 | D:5      | Killed Duvessa
  4658 | D:6      | Reached skill level 8 in Long Blades
  4833 | D:6      | Found a staircase to the Ecumenical Temple.
  4846 | Temple   | Entered the Ecumenical Temple
  4873 | D:6      | Found a shattered altar of Ashenzari.
  5090 | D:6      | Found an ornate altar of the Wu Jian Council.
  5090 | D:6      | Found a hazy altar of Hepliaklqana.
  5560 | D:7      | Reached **** piety under Trog
  5751 | D:7      | HP: 2/71 [orc warrior/halberd (9)]
  5937 | D:7      | Noticed Menkaure
  5944 | D:7      | Killed Menkaure
  5986 | D:7      | Noticed Hellmel's ghost (novice GnSk)
  6020 | D:7      | Killed Hellmel's ghost
  6020 | D:7      | Reached XP level 10. HP: 70/79 MP: 7/10
  6401 | D:7      | Found a glowing golden altar of the Shining One.
  6466 | D:7      | Found an ancient bone altar of Kikubaaqudgha.
  6539 | D:7      | Reached skill level 9 in Long Blades
  6600 | D:8      | Found a sparkling altar of Nemelex Xobeh.
  6619 | D:8      | Found a deep blue altar of Sif Muna.
  6621 | D:8      | Noticed mdk's ghost (novice MiGl)
  6638 | D:8      | Killed mdk's ghost
  6658 | D:8      | Noticed Psyche
  6677 | D:8      | Killed Psyche
  6875 | D:8      | Found a shadowy altar of Dithmenos.
  7108 | D:8      | Found a blossoming altar of Fedhas.
  7199 | D:8      | Noticed an elephant
  7211 | D:8      | Killed an elephant
  7229 | D:8      | Found a staircase to the Lair.
  7335 | D:9      | Got an ichor-stained long sword
  7349 | D:9      | Identified the +9 long sword "Barroph" {slice, *Noise rPois Dex+3} (You found it on level 9 of the Dungeon)
  7399 | D:9      | Reached skill level 10 in Long Blades
  7444 | D:9      | Reached ***** piety under Trog
  7563 | D:9      | Found the +8 mace of Variability {chaos}
  7563 | D:9      | Found a shimmering altar of Xom.
  7799 | D:9      | Found a staircase to the Orcish Mines.
  7825 | D:9      | Noticed a seven-headed hydra
  7835 | D:9      | Killed a 12-headed hydra
  7835 | D:9      | Gained mutation: You are immune to rotting. [demonic ancestry]
  7835 | D:9      | Reached XP level 11. HP: 29/87 MP: 1/11
  8152 | Lair:1   | Entered Level 1 of the Lair of Beasts
  8959 | Lair:2   | Got a fine amber ring
  8961 | Lair:2   | Identified the ring of Ipresh {+Inv rC+ MR- Slay+3 Stlth+} (You found it on level 2 of the Lair of Beasts)
  9002 | Lair:2   | Reached skill level 1 in Evocations
  9087 | Lair:2   | Noticed an eight-headed hydra
  9096 | Lair:2   | Killed an 11-headed hydra
  9096 | Lair:2   | Reached skill level 11 in Long Blades
  9438 | Lair:2   | Received a gift from Trog
  9453 | Lair:2   | Found a staircase to the Snake Pit.
 10242 | Lair:3   | Gained mutation: You are mostly covered in thin metallic scales. (AC +3) [demonic ancestry]
 10242 | Lair:3   | Reached XP level 12. HP: 69/95 MP: 4/14
 10276 | Lair:3   | Noticed a four-headed hydra
 10291 | Lair:3   | Killed a nine-headed hydra
 10713 | Lair:3   | Found a staircase to the Shoals.
 10728 | Shoals:1 | Entered Level 1 of the Shoals
 12252 | Lair:4   | Reached skill level 12 in Long Blades
 12739 | Lair:5   | Noticed a death yak
 12740 | Lair:5   | Noticed a death yak
 12741 | Lair:5   | Noticed a death yak
 12742 | Lair:5   | Noticed a death yak
 12762 | Lair:5   | Killed a death yak
 12764 | Lair:5   | Noticed a death yak
 12766 | Lair:5   | Killed a death yak
 12770 | Lair:5   | Noticed a death yak
 12773 | Lair:5   | Killed a death yak
 12780 | Lair:5   | Killed a death yak
 12786 | Lair:5   | Killed a death yak
 12786 | Lair:5   | Reached skill level 5 in Evocations
 12790 | Lair:5   | Killed a death yak
 12790 | Lair:5   | Reached skill level 10 in Fighting
 13210 | Lair:5   | Noticed a seven-headed hydra
 13214 | Lair:5   | Killed a six-headed hydra
 13214 | Lair:5   | Received a gift from Trog
 13750 | Lair:6   | Entered Level 6 of the Lair of Beasts
 13868 | Lair:6   | Gained mutation: You may emit foul miasma when damaged in melee. [demonic ancestry]
 13868 | Lair:6   | Reached XP level 13. HP: 87/103 MP: 15/17
 13879 | Lair:6   | Found a staircase to the Slime Pits.
 13879 | Lair:6   | Found a viscous altar of Jiyva.
 14449 | Lair:6   | Reached skill level 13 in Long Blades
 15006 | Lair:6   | Noticed a dire elephant
 15019 | Lair:6   | Killed a dire elephant
 15091 | Lair:6   | Found a burning altar of Makhleb.
 15128 | Lair:6   | Reached skill level 10 in Armour
 15134 | Lair:6   | Reached skill level 10 in Dodging
 15141 | Lair:6   | Found a gateway to Hell.
 15839 | D:10     | Entered Level 10 of the Dungeon
 15902 | D:10     | Found a bloodstained altar of Trog.
 16014 | D:10     | Received a gift from Trog
 16823 | D:11     | Gained mutation: You have a pair of horns on your head. [demonic ancestry]
 16823 | D:11     | Reached XP level 14. HP: 108/113 MP: 16/18
 17656 | D:12     | Noticed Urug
 17669 | D:12     | Killed Urug
 17669 | D:12     | Reached skill level 14 in Long Blades
 17701 | D:12     | Noticed Snorg
 17710 | D:12     | Killed Snorg
 17835 | D:13     | Found a hazy altar of Hepliaklqana.
 17880 | D:13     | Received a gift from Trog
 17919 | D:13     | Got an iridescent great sword
 17920 | D:13     | Identified the cursed +3 great sword of Law {slice, rF+ Str+6 Dex-3} (You found it on level 13 of the Dungeon)
 18008 | D:13     | Found Roywn's Island Escapes.
 18069 | D:13     | Noticed Sonja
 18083 | D:13     | Killed Sonja
 18358 | D:13     | Noticed Josephine
 18366 | D:13     | Killed Josephine
 18654 | D:13     | HP: 3/114 [yaktaur/bolt (9)]
 19479 | D:13     | Found a gate to the Vaults.
 19646 | Orc:1    | Entered Level 1 of the Orcish Mines
 19765 | Orc:1    | Found a roughly hewn altar of Beogh.
 19918 | Orc:2    | Entered Level 2 of the Orcish Mines
 19920 | Orc:2    | Noticed an orc warlord
 19941 | Orc:2    | Killed an orc warlord
 19941 | Orc:2    | Received a gift from Trog
 20280 | Orc:2    | Found a staircase to the Elven Halls.
 20322 | Orc:2    | Found Qymnevan's Antique Weapon Shop.
 21132 | Orc:2    | Found Zica's General Store.
 21132 | Orc:2    | Found Hikatuas's Gadget Emporium.
 21166 | Orc:2    | Found a roughly hewn altar of Beogh.
 21191 | Orc:2    | Found Guttes's Armour Shop.
 21191 | Orc:2    | Found Bithrock's Distillery.
 21219 | Orc:2    | Bought a potion of degeneration for 17 gold pieces
 21259 | Orc:2    | Bought a scroll of silence for 105 gold pieces
 21268 | Orc:2    | Bought a wand of paralysis (12) for 140 gold pieces
 21567 | Orc:1    | Received a gift from Trog
 21569 | Orc:1    | Reached XP level 15. HP: 98/122 MP: 14/19
 21788 | Orc:1    | Reached ****** piety under Trog
 22890 | Shoals:1 | HP: 2/122 [drowned by a drowned soul[a merfolk avatar] (11)]
 22895 | Shoals:1 | Drowned by a drowned soul

Skill      XL: |  1  2  3  4  5  6  7  8  9 10 11 12 13 14 |
---------------+-------------------------------------------+-----
Dodging        | 2 3 4 5 6 7 8 9 10 11 | 11.6
Armour         | 2 3 4 5 6 7 8 9 10 11 | 11.7
Long Blades    | 3 4 5 6 7 8 10 11 12 13 14 | 14.2
Fighting       | 4 5 6 7 8 9 10 11 12 | 12.8
Evocations     | 3 5 6 |  6.0

Action                   |  1- 3 |  4- 6 |  7- 9 | 10-12 | 13-15 || total
-------------------------+-------+-------+-------+-------+-------++-------
Melee: Falchion          |    75 |   111 |   319 |     8 |       ||   513
       Unarmed           |       |    12 |       |       |       ||    12
       Headbutt          |       |    12 |    86 |   135 |   206 ||   439
       Scimitar          |       |       |       |    79 |       ||    79
       Long sword        |       |       |       |   339 |   363 ||   702
       Great sword       |       |       |       |       |   376 ||   376
Throw: Stone             |       |     2 |       |       |       ||     2
       Javelin           |       |       |       |     7 |    12 ||    19
Invok: Berserk           |       |     1 |     7 |     6 |     9 ||    23
       Burn Spellbooks   |       |       |     1 |     3 |     1 ||     5
       Trog's Hand       |       |       |       |     1 |     3 ||     4
       Brothers in Arms  |       |       |       |     1 |     2 ||     3
 Abil: Evoke Invisibilit |       |       |       |       |     1 ||     1
  Use: Potion            |     1 |       |     1 |     2 |     4 ||     8
       Scroll            |       |     1 |     4 |    20 |     3 ||    28
 Stab: Sleeping          |     1 |       |       |       |       ||     1
  Eat: Chunk             |       |     7 |    19 |    40 |    23 ||    89
       Ration            |       |       |     1 |     3 |     5 ||     9
Armor: Animal skin       |     6 |       |       |       |       ||     6
       Chain mail        |    21 |    39 |    80 |       |       ||   140
       Skin              |       |     1 |       |       |       ||     1
       Plate armour      |       |       |    42 |   227 |   418 ||   687
Dodge: Dodged            |    36 |    58 |   123 |   173 |   397 ||   787
       Rpst.: Falchion   |    12 |     9 |    41 |     1 |       ||    63
       Scimitar          |       |       |       |     4 |       ||     4
       Long sword        |       |       |       |    39 |    45 ||    84
       Great sword       |       |       |       |       |    44 ||    44
